 Dungeon Crawl Stone Soup version 0.28.0-53-g5a82cb258f (webtiles) character file.

Game seed: 14331432972579720499

162 jjjjhere the Skirmisher (level 5, -4/43 HPs)
             Began as a Demonspawn Enchanter on Oct 29, 2022.
             Was a Follower of Dithmenos.
             Killed by nerve-wracking pain
             ... invoked by Menkaure
              (14 damage)
             ... on level 4 of the Dungeon.
             The game lasted 00:03:53 (4030 turns).

jjjjhere the Skirmisher (Demonspawn Enchanter)      Turns: 4030, Time: 00:03:53

Health: -4/43      AC: 18    Str: 10    XL:     5   Next: 19%
Magic:  8/8        EV:  1    Int: 17    God:    Dithmenos [*.....]
Gold:   133        SH:  0    Dex: 13    Spells: 8/8 levels left

rFire   . . .      SeeInvis .   a - +1 dagger
rCold   . . .      Faith    .   (no shield)
rNeg    . . .      Spirit   .   h - +0 plate armour
rPois   +          Reflect  .   (helmet unavailable)
rElec   .          Harm     .   d - +0 cloak
rCorr   .          Rampage  .   f - +0 pair of gloves
Will    .....                   (no boots)
Stlth   ..........              (no amulet)
HPRegen 0.14/turn               e - ring of poison resistance
MPRegen 0.11/turn               q - ring of flight

@: sanguine armoured, flying, wreathed by umbra
A: horns 3, sanguine armour 1
a: Renounce Religion


You were on level 4 of the Dungeon.
You worshipped Dithmenos.
Dithmenos was aware of your devotion.
You visited 1 branch of the dungeon, and saw 4 of its levels.

You collected 133 gold pieces.

Inventory:

Hand Weapons
 a - a +1 dagger (weapon)
Missiles
 g - 14 poisoned darts (quivered)
 l - 5 datura-tipped darts
Armour
 b - a +0 robe
 d - a +0 cloak (worn)
 f - a +0 pair of gloves (worn)
 h - a +0 plate armour (worn)
Jewellery
 e - a ring of poison resistance (left hand)
 q - a ring of flight (right hand)
Scrolls
 j - 3 scrolls of enchant armour {unknown}
 m - a scroll of magic mapping {unknown}
 n - 5 scrolls of identify {unknown}
Potions
 c - a potion of invisibility
 i - 2 potions of heal wounds {unknown}
 k - a potion of brilliance {unknown}
 o - a potion of flight {unknown}
 p - a potion of haste {unknown}
 r - a potion of berserk rage {unknown}


   Skills:
 + Level 4.4 Fighting
 - Level 1.1 Short Blades
 - Level 2.0 Dodging
 - Level 2.8 Stealth
 - Level 2.1 Spellcasting
 - Level 3.1 Hexes


You had 8 spell levels left.
You didn't know any spells.
Your spell library contained the following spells:

 Spells                   Type           Power      Damage    Failure   Level
 Ensorcelled Hibernation  Hex/Ice        14%        N/A       100%        2
 Confusing Touch          Hex            12%        N/A       100%        3
 Dazzling Flash           Conj/Hex       14%        N/A       100%        3
 Tukima's Dance           Hex            12%        N/A       100%        3


Dungeon Overview and Level Annotations

Branches:
Dungeon (4/15)
 Temple: D:4-7

Altars:
Dithmenos
Elyvilon
Fedhas
Sif Muna

Annotations:
D:4 Menkaure


Innate Abilities, Weirdness & Mutations

You have a pair of large horns on your head.
When seriously injured, your blood forms armour. (AC +6)


Message History

Found a cloak.
Found a stone staircase leading down.
r - an amethyst potion
Okay, then.
You now have 119 gold pieces (gained 10).
A goblin comes into view. It is wielding a +0 club.
The goblin shouts!
You see here 14 gold pieces.
A goblin is nearby!
A goblin is nearby!
You see here a +0 cloak.
The goblin hits you with a +0 club.
You hit the goblin. You headbutt the goblin.
You kill the goblin!
Dithmenos accepts your kill.
No target in view!
Things that are here:
a +0 club; a goblin corpse
There is a stone staircase leading down here.
You now have 133 gold pieces (gained 14).
j - 3 scrolls labelled RICHEO GOLE (gained 1) Key pressed, stopping explore.
Menkaure, Prince of Dust comes into view.
Menkaure shouts!
Menkaure sighs drily.
You start waiting.
Menkaure is nearby!
You hit Menkaure but do no damage.
You headbutt Menkaure, but do no damage.
Menkaure hits you!
You barely miss Menkaure.
You headbutt Menkaure, but do no damage.
Menkaure hits you but does no damage.
You barely miss Menkaure.
Menkaure calls on the powers of darkness!
Your body is wracked with pain!
Your blood congeals into armour.
You completely miss Menkaure. Menkaure hits you!
* * * LOW HITPOINT WARNING * * *
Menkaure gestures at you while chanting.
Pain shoots through your body!
You die...

##..##..<##...## .
#....########..###..
#...##.# #....
....####.###### #..##
.###..........###...##
#..........#......#
#.........[.)#
#..........>##
#.)...@.....##.
#.................
#..........##.....
#######M#..# .....
#####.##.##....#
#..............#
#.......#....#..
#......###... #M.##..#
..#


You could see Menkaure.

Vanquished Creatures
  A bullfrog zombie (D:3)
  A hound skeleton (D:4)
  5 adders
  A worm (D:3)
  2 dart slugs
  2 bats (D:3)
  11 endoplasms
  3 giant cockroaches
  6 goblins
  11 hobgoblins
  3 quokkas
  2 ball pythons
  3 frilled lizards
  4 kobolds
  5 rats
60 creatures vanquished.

Notes
Turn   | Place    | Note
-------+----------+-------------------------------------------
     0 | D:1      | jjjjhere the Demonspawn Enchanter began the quest for the
                  | Orb.
     0 | D:1      | Reached XP level 1. HP: 13/13 MP: 3/3
   109 | D:1      | Reached skill level 1 in Short Blades
   479 | D:1      | Gained mutation: You have a pair of small horns on your
                  | head. [demonic ancestry]
   479 | D:1      | Reached XP level 2. HP: 19/19 MP: 5/5
   876 | D:1      | Reached skill level 1 in Fighting
  1393 | D:1      | Gained mutation: You have a pair of horns on your head.
                  | [demonic ancestry]
  1393 | D:1      | Reached XP level 3. HP: 23/27 MP: 6/6
  1621 | D:2      | Found a blossoming altar of Fedhas.
  1720 | D:2      | Reached skill level 2 in Fighting
  2350 | D:2      | Reached skill level 3 in Fighting
  2463 | D:2      | Gained mutation: You have a pair of large horns on your
                  | head. [demonic ancestry]
  2463 | D:2      | Reached XP level 4. HP: 33/35 MP: 7/7
  2965 | D:3      | Found a shimmering blue altar of Sif Muna.
  3588 | D:3      | Reached skill level 4 in Fighting
  3618 | D:3      | Found a faded altar of an unknown god.
  3662 | D:3      | Prayed at the altar of an unknown god.
  3662 | D:3      | Became a worshipper of Dithmenos the Shadowed
  3662 | D:3      | Reached * piety under Dithmenos
  3795 | D:4      | Gained mutation: When seriously injured, your blood forms
                  | armour. (AC +6) [demonic ancestry]
  3795 | D:4      | Reached XP level 5. HP: 35/42 MP: 8/8
  4014 | D:4      | Noticed Menkaure
  4028 | D:4      | HP: 10/43 [Menkaure (8)]
  4030 | D:4      | Killed from afar by Menkaure

Illustrated notes

Levels and vault maps discovered:
D:1:      heliophobic_arrival_battle_scene, layout_loops_corners,
          due_unseen_surprise
D:2:      layout_basic, basic_altar, nicolae_figureground_pulse
D:3:      layout_loops_cross, lemuel_tele_altar, led_sif_pool,
          shapermc_ecumenical_altar_petra
D:4:      layout_rooms, makhleb_altar_promises_db,
          nicolae_dithmenos_shadow_blocks, nicolae_tso_swordbearing_angel,
          minmay_temple_entry_stoned_glass, minmay_diced_spiral, uniq_menkaure

Skill      XL: |  1  2  3  4 |
---------------+-------------+-----
Short Blades   | 1 |  1.1
Dodging        | 2 |  2.0
Fighting       | 1 3 4 |  4.4
Stealth        | |  2.8
Spellcasting   | |  2.1
Hexes          | |  3.1

Action                   |  1- 3 |  4- 6 || total
-------------------------+-------+-------++-------
Melee: Dagger            |   140 |    89 ||   229
       Headbutt          |    24 |    22 ||    46
       Punch             |     3 |       ||     3
 Stab: Sleeping          |     5 |       ||     5
Armor: Robe              |     5 |       ||     5
       Plate armour      |    65 |    73 ||   138
Dodge: Dodged            |    17 |     5 ||    22
